[Event "Titled Tuesday Blitz November 15 Late 2022"]
[White "Krallis, Christos"]
[Black "Hansen, Eric"]
[WhiteFideId "4298896"]
[BlackFideId "2606771"]
[WhiteElo "2243"]
[BlackElo "2568"]
[Result "0-1"]
[Round "01"]
[TimeControl "180+1"]
[Date "2022.11.16"]
[WhiteClock "0:00:05"]
[BlackClock "0:01:15"]

1. d4 Nf6 2. Nf3 g6 3. Nbd2 d5 4. b4 Bg7 5. Bb2 O-O 6. e3 b6 7. a4 Nc6 8. b5 Na5 9. Bd3 c5 10. bxc6 Nxc6 11. O-O Nb4 12. Ne5 Nxd3 13. Nxd3 Bf5 14. Nb3 Rc8 15. a5 Qc7 16. axb6 axb6 17. Rc1 Ne4 18. Nf4 Qc6 19. Qe1 Rfe8 20. Qb4 Nd6 21. Nd3 Nc4 22. Ba1 f6 23. Nd2 Bf8 24. Nxc4 dxc4 25. Ne1 b5 26. Nf3 Be4 27. Nh4 g5 28. f3 Bxc2 29. Rxc2 gxh4 30. e4 Ra8 31. Bc3 Reb8 32. Bb2 Ra4 33. Qe1 b4 34. Qxh4 c3 35. Qg4+ Kh8 36. e5 fxe5 37. f4 exd4 38. Rf3 Qg6 39. Qxg6 hxg6 40. Rh3+ Kg8 41. Bc1 b3 0-1


[Site "https://www.chess.com"]

[Event "Titled Tuesday Blitz November 15 Late 2022"]
[White "Krasteva, Beloslava"]
[Black "Gubajdullin, Alexei"]
[WhiteFideId "2922029"]
[BlackFideId "4141202"]
[WhiteElo "2187"]
[BlackElo "2230"]
[Result "0-1"]
[Round "01"]
[TimeControl "180+1"]
[Date "2022.11.16"]
[WhiteClock "0:00:12"]
[BlackClock "0:01:38"]

1. d4 Nf6 2. Bg5 d6 3. Nd2 Nbd7 4. e4 g6 5. Bd3 Bg7 6. c3 O-O 7. Ngf3 e5 8. O-O Qe7 9. h3 h6 10. Bh4 g5 11. Bg3 Nh5 12. Bh2 Nf4 13. Bc4 exd4 14. cxd4 c5 15. Bxf4 gxf4 16. Re1 cxd4 17. Nb3 Ne5 18. Bd5 d3 19. Nxe5 Bxe5 20. Rb1 Qg5 21. Qxd3 Kh8 22. Kh1 Rg8 23. Rg1 Rg7 24. Nd2 Qh5 25. Nf1 Bg4 26. Nh2 Be2 27. Qb3 f3 28. Nxf3 Rxg2 29. Rxg2 Bxf3 30. Kg1 Qxh3 0-1


[Site "https://www.chess.com"]

[Event "Titled Tuesday Blitz November 15 Late 2022"]
[White "Kujawski, Adam"]
[Black "Urazayev, Arystanbek"]
[WhiteFideId "1100920"]
[BlackFideId "13709810"]
[WhiteElo "2053"]
[BlackElo "2441"]
[Result "0-1"]
[Round "01"]
[TimeControl "180+1"]
[Date "2022.11.16"]
[WhiteClock "0:00:03"]
[BlackClock "0:01:59"]

1. e4 c6 2. d4 d5 3. f3 e6 4. Nc3 Nf6 5. e5 Nfd7 6. f4 c5 7. Nf3 Nc6 8. Be3 Be7 9. Qd2 O-O 10. dxc5 Bxc5 11. O-O-O Rb8 12. Bxc5 Nxc5 13. Qf2 Qa5 14. Nd4 Bd7 15. Kb1 Rfc8 16. h4 Nxd4 17. Qxd4 b5 18. Ne2 b4 19. Ng3 Na4 20. Bd3 Nc3+ 21. Kc1 Nxd1 22. Kxd1 Bb5 23. Nh5 b3 0-1


[Site "https://www.chess.com"]

[Event "Titled Tuesday Blitz November 15 Late 2022"]
[White "Ladan, Nicholas"]
[Black "Indjic, Aleksandar"]
[WhiteFideId "30918855"]
[BlackFideId "911925"]
[WhiteElo "2167"]
[BlackElo "2592"]
[Result "0-1"]
[Round "01"]
[TimeControl "180+1"]
[Date "2022.11.15"]
[WhiteClock "0:00:03"]
[BlackClock "0:00:24"]

1. d4 Nf6 2. c4 e6 3. g3 c5 4. d5 exd5 5. cxd5 d6 6. Nc3 g6 7. Nf3 Bg7 8. Bg2 O-O 9. O-O Re8 10. Nd2 a6 11. a4 Nbd7 12. Ra2 Rb8 13. a5 b5 14. axb6 Nxb6 15. b3 h5 16. h4 Ng4 17. Bb2 Ne5 18. Qc2 Bf5 19. Nde4 Ra8 20. Rfa1 Bc8 21. Ng5 Rb8 22. Qd1 Nbd7 23. Nce4 Nf6 24. Rxa6 Bxa6 25. Rxa6 Nxe4 26. Nxe4 Rb6 27. Qa1 Rxa6 28. Qxa6 Ng4 29. Bxg7 Kxg7 30. Bf3 Ne5 31. Nxd6 Nxf3+ 32. exf3 Re5 33. Ne4 Rxd5 34. Qa1+ f6 35. Kg2 Qe7 36. Qc3 Re5 37. Nd2 Rd5 38. Nc4 Qe2 39. Ne3 Rd2 40. Ng4 hxg4 41. Qxc5 gxf3+ 42. Kh3 Qe6+ 43. g4 Rd7 44. h5 gxh5 45. Qxh5 Qe5 46. b4 Rd8 47. b5 Rh8 48. b6 Rxh5+ 49. gxh5 Qg5 50. b7 f5 51. h6+ Kh7 52. b8=Q Qg4+ 53. Kh2 Qg2# 0-1


[Site "https://www.chess.com"]

[Event "Titled Tuesday Blitz November 15 Late 2022"]
[White "Leiva, Gianmarco"]
[Black "Hoffmann, Asa"]
[WhiteFideId "3804399"]
[BlackFideId "2001470"]
[WhiteElo "2286"]
[BlackElo "2117"]
[Result "1-0"]
[Round "01"]
[TimeControl "180+1"]
[Date "2022.11.16"]
[WhiteClock "0:01:32"]
[BlackClock "0:00:05"]

1. e4 d6 2. d4 Nf6 3. Nc3 c6 4. Nf3 Bg4 5. h3 Bh5 6. Bd3 e6 7. O-O d5 8. Re1 Be7 9. Bf4 O-O 10. e5 Nfd7 11. g4 Bg6 12. Bxg6 fxg6 13. Bg3 c5 14. Kg2 Nc6 15. Ne2 Qe8 16. Nf4 Qf7 17. c3 g5 18. Nd3 c4 19. Nc1 b5 20. Qe2 b4 21. Qe3 h6 22. Ne2 a5 23. h4 gxh4 24. Bxh4 Qxf3+ 25. Qxf3 Rxf3 26. Bxe7 Rd3 27. Bd6 bxc3 28. bxc3 Nd8 29. Rab1 Nf7 30. Rb7 Nf8 31. Reb1 Rd2 32. Nf4 Ng5 33. Nh5 Ne4 34. Rxg7+ Kh8 35. Rf7 Ng6 36. Rbb7 Nh4+ 37. Kh3 Ng5+ 38. Kxh4 Nxf7 39. Rxf7 1-0


[Site "https://www.chess.com"]

[Event "Titled Tuesday Blitz November 15 Late 2022"]
[White "Leschinsky, Gary"]
[Black "Moradiabadi, Elshan"]
[WhiteFideId "30951321"]
[BlackFideId "12501255"]
[WhiteElo "1855"]
[BlackElo "2550"]
[Result "1-0"]
[Round "01"]
[TimeControl "180+1"]
[Date "2022.11.16"]
[WhiteClock "0:00:10"]
[BlackClock "0:00:59"]

1. d4 c5 2. d5 Nf6 3. c4 e6 4. Nc3 exd5 5. cxd5 d6 6. e4 g6 7. Nge2 Bg7 8. Ng3 a6 9. a4 O-O 10. Be2 Re8 11. O-O h5 12. f3 h4 13. Nh1 Nh5 14. Nf2 Bd4 15. Qd3 Qf6 16. Be3 Nf4 17. Qd2 Bxe3 18. Qxe3 Nd7 19. Ng4 Qd4 20. Rfd1 Qxe3+ 21. Nxe3 Ne5 22. Kf2 f5 23. g3 hxg3+ 24. hxg3 Nh3+ 25. Kg2 f4 26. gxf4 Nxf4+ 27. Kf2 Rf8 28. Rh1 Nxe2 29. Kxe2 Nxf3 30. Raf1 Nd4+ 31. Kd3 Rxf1 32. Rxf1 Bd7 33. Nc4 b5 34. Nxd6 b4 35. Ne2 Nxe2 36. Kxe2 Bxa4 37. Ke3 Bb3 38. Rf6 Kg7 39. Rf7+ Kh6 40. Rc7 a5 41. Rxc5 a4 42. Nb5 a3 43. bxa3 bxa3 44. Rc1 a2 45. Ra1 g5 46. d6 Be6 47. Nc3 Ra3 48. Kd4 Ra7 49. Ke5 Bf7 50. Kf6 Bh5 51. e5 g4 52. Rxa2 Rxa2 53. Nxa2 g3 54. d7 1-0


[Site "https://www.chess.com"]

[Event "Titled Tuesday Blitz November 15 Late 2022"]
[White "Luxama, Jacques Muller"]
[Black "Bayo Milagro, Alvaro"]
[WhiteFideId "11900113"]
[BlackFideId "22275240"]
[WhiteElo "1931"]
[BlackElo "2270"]
[Result "0-1"]
[Round "01"]
[TimeControl "180+1"]
[Date "2022.11.16"]
[WhiteClock "0:00:02"]
[BlackClock "0:00:04"]

1. e4 c5 2. Nf3 d6 3. d4 cxd4 4. Nxd4 Nf6 5. Nc3 g6 6. Be3 Bg7 7. Bc4 O-O 8. f3 Nc6 9. Bb3 Bd7 10. Qd2 Nxd4 11. Bxd4 b5 12. Nd5 Nxd5 13. Bxg7 Kxg7 14. exd5 a5 15. a3 a4 16. Ba2 Qb6 17. c3 Rac8 18. O-O-O b4 19. axb4 Qxb4 20. Qd4+ Qxd4 21. Rxd4 a3 22. Re1 axb2+ 23. Kxb2 Rfe8 24. Rde4 Kf8 25. Rb4 h5 26. Bb3 Rc5 27. Ra1 Rec8 28. c4 Bf5 29. Ra7 R5c7 30. Rbb7 Rxb7 31. Rxb7 Bd3 32. Kc3 Be2 33. Kd4 g5 34. Rb4 Bf1 35. g3 Kg7 36. Rb7 Kf6 37. Ra7 Rb8 38. Kc3 h4 39. Ra1 Be2 40. gxh4 gxh4 41. Re1 Bd3 42. Rg1 Bf5 43. Ra1 Rg8 44. Rd1 Rg2 45. Rd2 h3 46. f4 Kg6 47. Bd1 Be4 48. Ba4 Kf5 49. Be8 f6 50. Bd7+ Kxf4 51. Bxh3 Rg1 52. Be6 Ke3 53. Ra2 f5 54. Ra7 f4 55. Rxe7 Rc1+ 56. Kb2 Rc2+ 57. Kb3 Kd4 58. Bg8 Rc3+ 59. Kb2 Rh3 60. Rf7 Rxh2+ 61. Kb3 f3 62. Rf6 f2 63. Be6 Bd3 0-1


[Site "https://www.chess.com"]

[Event "Titled Tuesday Blitz November 15 Late 2022"]
[White "Madaminov, Mukhiddin"]
[Black "Hajiyev, Kanan"]
[WhiteFideId "14210703"]
[BlackFideId "13404148"]
[WhiteElo "2341"]
[BlackElo "2118"]
[Result "1-0"]
[Round "01"]
[TimeControl "180+1"]
[Date "2022.11.16"]
[WhiteClock "0:00:45"]
[BlackClock "0:01:16"]

1. d4 d5 2. Nc3 c6 3. Bf4 a6 4. e3 Qb6 5. Na4 Qa5+ 6. c3 Qd8 7. Nf3 Nf6 8. Ne5 Nbd7 9. Bd3 Nxe5 10. dxe5 Nd7 11. e6 Nf6 12. exf7+ Kxf7 13. b3 b5 14. Nb2 Bg4 15. f3 Bh5 16. O-O e6 17. a4 Bd6 18. axb5 cxb5 19. Bxd6 Qxd6 20. c4 dxc4 21. bxc4 Qe5 22. Qe2 Rhd8 23. cxb5 axb5 24. Rxa8 Rxa8 25. Bb1 Bg6 26. Bxg6+ Kxg6 27. Nd3 Qc3 28. Rc1 Ra1 29. Rxa1 Qxa1+ 30. Kf2 Qc3 31. Nf4+ Kf7 32. Qxb5 Qd2+ 33. Ne2 Nd5 34. Qd7+ Kf6 35. e4 Qe3+ 36. Kf1 Nf4 37. Qd8+ Kf7 38. Qc7+ 1-0


[Site "https://www.chess.com"]

[Event "Titled Tuesday Blitz November 15 Late 2022"]
[White "Maksimovic, Bojan"]
[Black "Radovanovic, Dusan"]
[WhiteFideId "14408120"]
[BlackFideId "926868"]
[WhiteElo "2447"]
[BlackElo "2341"]
[Result "1-0"]
[Round "01"]
[TimeControl "180+1"]
[Date "2022.11.16"]
[WhiteClock "0:01:37"]
[BlackClock "0:01:19"]

1. e4 c5 2. Nf3 d6 3. d4 cxd4 4. Nxd4 Nf6 5. Nc3 g6 6. Be3 Bg7 7. f3 O-O 8. Qd2 Nc6 9. g4 Be6 10. O-O-O Nxd4 11. Bxd4 Qa5 12. a3 Rfc8 13. Kb1 Rab8 14. h4 b5 15. Nd5 Qxd2 16. Rxd2 Bxd5 17. exd5 Nd7 18. Bxa7 Rb7 19. Bd4 Nc5 20. Bxc5 dxc5 21. d6 exd6 22. Rxd6 c4 23. c3 Re7 24. f4 Re1+ 25. Ka2 Rce8 26. Rd2 h6 27. Bg2 R1e2 28. Rhd1 Bf6 29. g5 hxg5 30. hxg5 Bg7 31. Bc6 R8e3 32. Bxb5 Rxd2 33. Rxd2 Rf3 34. Bxc4 Rxf4 35. Kb3 Bf8 36. Rd7 1-0


[Site "https://www.chess.com"]

[Event "Titled Tuesday Blitz November 15 Late 2022"]
[White "Manukyan, Sargis A."]
[Black "Nakamura, Hikaru"]
[WhiteFideId "13303970"]
[BlackFideId "2016192"]
[WhiteElo "2187"]
[BlackElo "2909"]
[Result "0-1"]
[Round "01"]
[TimeControl "180+1"]
[Date "2022.11.15"]
[WhiteClock "0:00:01"]
[BlackClock "0:01:38"]

1. d4 g6 2. c4 Bg7 3. Nc3 c5 4. d5 Bxc3+ 5. bxc3 Qa5 6. Qc2 f5 7. e4 fxe4 8. f3 Nf6 9. Bg5 d6 10. fxe4 Nbd7 11. Nf3 Ng4 12. Be2 h6 13. Bd2 g5 14. O-O Nde5 15. Nxe5 Nxe5 16. Bh5+ Kd8 17. Rab1 Qa6 18. Be2 Bd7 19. h4 gxh4 20. Bf4 Rg8 21. Kh2 Kc7 22. Bxe5 dxe5 23. Qd2 Qg6 24. Bf3 b6 25. d6+ exd6 26. Rbd1 Rad8 27. Bh5 Qxh5 28. Qxd6+ Kc8 29. Qd5 Rxg2+ 30. Kh1 Rxa2 31. Qa8+ Kc7 32. Rxd7+ Rxd7 0-1


[Site "https://www.chess.com"]

[Event "Titled Tuesday Blitz November 15 Late 2022"]
[White "Marcolino, Daniel Mattos"]
[Black "Krishnan, Varun"]
[WhiteFideId "2106841"]
[BlackFideId "5054508"]
[WhiteElo "2100"]
[BlackElo "2555"]
[Result "0-1"]
[Round "01"]
[TimeControl "180+1"]
[Date "2022.11.16"]
[WhiteClock "0:00:58"]
[BlackClock "0:00:48"]

1. d4 Nf6 2. Nf3 g6 3. g3 Bg7 4. Bg2 O-O 5. O-O d5 6. c4 dxc4 7. Na3 c5 8. Nxc4 cxd4 9. Qxd4 Qxd4 10. Nxd4 Na6 11. b3 Nd5 12. Bb2 Ndb4 13. a3 Bxd4 14. Bxd4 Nc6 15. Bb2 Be6 16. Rac1 Nc5 17. b4 Nb3 18. Rc2 Ncd4 19. Bxd4 Nxd4 20. Rfc1 Nxc2 21. Rxc2 Rac8 22. Ne3 Rxc2 23. Nxc2 b6 24. Nd4 Bd7 25. h4 Rc8 26. Bf3 Rc3 0-1


[Site "https://www.chess.com"]

[Event "Titled Tuesday Blitz November 15 Late 2022"]
[White "Martinez Reyes, Pedro Ramon"]
[Black "Young, Ryan"]
[WhiteFideId "3901807"]
[BlackFideId "2049945"]
[WhiteElo "2354"]
[BlackElo "2291"]
[Result "1/2-1/2"]
[Round "01"]
[TimeControl "180+1"]
[Date "2022.11.16"]
[WhiteClock "0:00:56"]
[BlackClock "0:00:35"]

1. Nf3 Nf6 2. b3 g6 3. Bb2 Bg7 4. c4 O-O 5. g3 d6 6. d4 Nbd7 7. Bg2 c5 8. O-O cxd4 9. Nxd4 Nc5 10. Nc3 a6 11. Rc1 Qc7 12. b4 Ne6 13. Nd5 Qd8 14. Nxe6 fxe6 15. Nf4 e5 16. Nd5 Rb8 17. e3 Be6 18. Nxf6+ Bxf6 19. Bd5 Qd7 20. Qg4 Kf7 21. f4 Rbd8 22. fxe5 dxe5 23. Rcd1 Bxd5 24. Qxd7 Rxd7 25. cxd5 Kg7 26. e4 Rc8 27. Rc1 Rdc7 28. Rxc7 Rxc7 29. Rc1 Rxc1+ 30. Bxc1 Kf7 31. Kf2 e6 32. Ke2 b5 33. Kd3 Ke7 34. Be3 Kd7 35. Bc5 Bg5 36. h3 h5 37. g4 hxg4 38. hxg4 Bf6 39. Kc2 Bg5 40. Kb3 Bf4 41. Kc2 Bg5 42. Kd3 Bh6 43. Ke2 Bg5 44. Kf3 Bh6 45. Kg3 Bg5 46. Kf3 Bh6 47. Ba7 Bg5 48. Bb8 Bf6 49. Ke2 Bg7 50. Kd3 Bf6 51. Kc2 Bg7 52. Kb3 Bf6 53. a4 Bg7 54. axb5 axb5 55. Kc2 Bf6 56. Kd3 Bg7 57. Ke3 Bf6 58. Kf3 Ke7 59. Kg3 Kd7 60. Kh3 Ke7 61. Ba7 Kd7 62. Bc5 Bg5 63. Kg2 Bh6 64. Kf3 Bg5 65. Be3 Bxe3 66. Kxe3 g5 67. Kd2 Kd6 68. dxe6 Kxe6 69. Kd3 Kd6 70. Ke3 Ke6 71. Kd3 Kd6 72. Ke3 Ke6 73. Kd3 1/2-1/2


[Site "https://www.chess.com"]

[Event "Titled Tuesday Blitz November 15 Late 2022"]
[White "Megalios, Konstantinos"]
[Black "Andreikin, Dmitry"]
[WhiteFideId "4238044"]
[BlackFideId "4158814"]
[WhiteElo "2277"]
[BlackElo "2736"]
[Result "0-1"]
[Round "01"]
[TimeControl "180+1"]
[Date "2022.11.15"]
[WhiteClock "0:00:02"]
[BlackClock "0:00:12"]

1. d4 Nf6 2. c4 e6 3. g3 c5 4. Nf3 cxd4 5. Nxd4 d5 6. Bg2 e5 7. Nb3 d4 8. O-O Nc6 9. Bg5 Be7 10. e3 O-O 11. exd4 exd4 12. Bxc6 bxc6 13. Qxd4 Be6 14. Nc3 h6 15. Bf4 Qc8 16. c5 Nd5 17. Bd6 Bf6 18. Be5 Rd8 19. Ne4 Bxe5 20. Qxe5 Nb4 21. Nd6 Qc7 22. Nd4 Bh3 23. N4f5 Bxf5 24. Qxf5 Rab8 25. a3 g6 26. Qe4 Nd5 27. b4 a5 28. Rab1 Nc3 29. Qe3 Nxb1 30. Rxb1 axb4 31. axb4 h5 32. Qd4 Qd7 33. Re1 Re8 34. Rd1 Re2 35. Rd2 Rxd2 36. Qxd2 Qg4 37. b5 Qf3 38. b6 Ra8 39. Qe1 Ra2 40. b7 Rb2 41. Qe8+ Kh7 42. Qxf7+ Qxf7 43. Nxf7 Rxb7 44. Ne5 Rc7 45. f4 Kg7 46. Kf2 Kf6 47. Kf3 g5 48. Ke4 g4 49. Kd4 Kf5 50. Ke3 Re7 51. Kd4 Re6 0-1


[Site "https://www.chess.com"]

[Event "Titled Tuesday Blitz November 15 Late 2022"]
[White "Melikhov, Evgeny V."]
[Black "Goltsev, Dmitry"]
[WhiteFideId "4122046"]
[BlackFideId "24176710"]
[WhiteElo "2169"]
[BlackElo "2289"]
[Result "0-1"]
[Round "01"]
[TimeControl "180+1"]
[Date "2022.11.16"]
[WhiteClock "0:00:16"]
[BlackClock "0:01:59"]

1. d4 Nf6 2. c4 e6 3. Nc3 Bb4 4. Qc2 Qe7 5. a3 Bxc3+ 6. Qxc3 b6 7. Nf3 Bb7 8. e3 a5 9. b3 d6 10. Be2 Nbd7 11. Bb2 Ne4 12. Qc2 f5 13. O-O O-O 14. Rad1 g5 15. d5 e5 16. Nd2 Nxd2 17. Rxd2 Nc5 18. f3 c6 19. dxc6 Bxc6 20. Rfd1 Rf6 21. Qc3 Raf8 22. Rf1 Rg6 23. Bd1 g4 24. fxg4 Ne4 25. Qc2 Nxd2 26. Qxd2 fxg4 27. Rxf8+ Qxf8 28. Bc2 Rf6 29. Qe2 h5 30. h4 gxh3 31. Qxh5 Rf1+ 32. Kh2 Rh1+ 33. Kg3 Qg7+ 0-1


[Site "https://www.chess.com"]

[Event "Titled Tuesday Blitz November 15 Late 2022"]
[White "Melkumyan, Hrant"]
[Black "Szyszylo, Rafal"]
[WhiteFideId "13302485"]
[BlackFideId "1109626"]
[WhiteElo "2604"]
[BlackElo "1981"]
[Result "1-0"]
[Round "01"]
[TimeControl "180+1"]
[Date "2022.11.15"]
[WhiteClock "0:01:29"]
[BlackClock "0:00:02"]

1. d4 d6 2. c4 g6 3. Nc3 Bg7 4. e4 Nf6 5. Be2 O-O 6. h4 Na6 7. h5 e5 8. d5 Nc5 9. Qc2 a5 10. Bg5 Bd7 11. Nf3 c6 12. Nd2 a4 13. O-O-O Qa5 14. dxc6 bxc6 15. Nf1 a3 16. b3 Nfxe4 17. Nxe4 Nxe4 18. Qxe4 Bf5 19. Qe3 d5 20. Ng3 d4 21. Qd2 Qb6 22. Nxf5 gxf5 23. h6 Bh8 24. Be7 f6 25. Bxf8 Kxf8 26. c5 Qxc5+ 27. Bc4 e4 28. Qxd4 Qa5 29. Qd6+ Ke8 30. Qd7+ Kf8 31. Qf7# 1-0


[Site "https://www.chess.com"]

[Event "Titled Tuesday Blitz November 15 Late 2022"]
[White "Mendonca, Mateus Nakajo"]
[Black "Itkis, Boris"]
[WhiteFideId "2110954"]
[BlackFideId "1209167"]
[WhiteElo "2310"]
[BlackElo "2232"]
[Result "1-0"]
[Round "01"]
[TimeControl "180+1"]
[Date "2022.11.16"]
[WhiteClock "0:02:36"]
[BlackClock "0:02:32"]

1. d4 d5 2. c4 dxc4 3. Nf3 Nf6 4. e3 a6 5. Bxc4 e6 6. O-O b5 7. Bb3 Bb7 8. Nc3 Nbd7 9. Re1 c5 10. d5 c4 11. dxe6 1-0


[Site "https://www.chess.com"]

[Event "Titled Tuesday Blitz November 15 Late 2022"]
[White "Mikaelyan, Arman"]
[Black "Sivakumar, Shaaketh"]
[WhiteFideId "13304852"]
[BlackFideId "30940176"]
[WhiteElo "2456"]
[BlackElo "2174"]
[Result "0-1"]
[Round "01"]
[TimeControl "180+1"]
[Date "2022.11.16"]
[WhiteClock "0:00:27"]
[BlackClock "0:00:25"]

1. d4 e6 2. Nf3 Nf6 3. Bf4 d5 4. e3 Bd6 5. Nbd2 c5 6. dxc5 Bxc5 7. c4 O-O 8. a3 a5 9. Rc1 d4 10. Nb3 Bd6 11. Bxd6 Qxd6 12. Qxd4 Qc7 13. Be2 a4 14. Nbd2 Rd8 15. Qe5 Qb6 16. O-O Nc6 17. Qc3 Bd7 18. c5 Qc7 19. e4 Na7 20. h3 Bb5 21. Bxb5 Nxb5 22. Qe3 Rd7 23. Nc4 Rad8 24. Nfe5 Rd4 25. Nd6 Nxd6 26. Qxd4 Ndxe4 27. Qb4 Qxe5 28. Qxb7 Nxc5 29. Qb6 Rc8 30. Rc4 h6 31. Rfc1 Nfd7 32. Qb5 Rb8 33. Qc6 Rxb2 34. Qa8+ Rb8 35. Qf3 Nb3 36. Rd1 Nb6 37. Rb4 Nd5 38. Rc4 Qb2 39. Rxa4 Nc3 40. Ra8 Rxa8 41. Qxa8+ Kh7 42. Re1 Nd5 43. Qa4 Nc5 44. Qa5 Qd4 45. Qb5 Nd3 46. Rf1 Nc3 47. Qc6 Ne2+ 48. Kh1 Nxf2+ 49. Kh2 Qf4+ 0-1


[Site "https://www.chess.com"]

[Event "Titled Tuesday Blitz November 15 Late 2022"]
[White "Mikhalsky, Vladimir"]
[Black "Rustemov, Alexander"]
[WhiteFideId "14144352"]
[BlackFideId "4119002"]
[WhiteElo "2271"]
[BlackElo "2828"]
[Result "0-1"]
[Round "01"]
[TimeControl "180+1"]
[Date "2022.11.16"]
[WhiteClock "0:00:34"]
[BlackClock "0:01:47"]

1. c4 g6 2. d4 Bg7 3. e4 d6 4. Nc3 Nc6 5. Be3 e5 6. d5 Nd4 7. Nge2 Nxe2 8. Bxe2 Bh6 9. Bxh6 Nxh6 10. Qd2 Ng8 11. O-O-O Qe7 12. f4 exf4 13. Qxf4 Nf6 14. c5 O-O 15. Rhf1 Nd7 16. cxd6 cxd6 17. Nb5 Ne5 18. Qf6 Qxf6 19. Rxf6 Bg4 20. Bxg4 Nxg4 21. Rxd6 a6 22. Nc3 Nxh2 23. Rd7 b5 24. Ne2 Ng4 25. Nd4 Rae8 26. Re1 Ne5 0-1


[Site "https://www.chess.com"]

[Event "Titled Tuesday Blitz November 15 Late 2022"]
[White "Milchev, Nikolay"]
[Black "Kollars, Dmitrij"]
[WhiteFideId "2906090"]
[BlackFideId "12909572"]
[WhiteElo "2449"]
[BlackElo "2584"]
[Result "0-1"]
[Round "01"]
[TimeControl "180+1"]
[Date "2022.11.15"]
[WhiteClock "0:00:17"]
[BlackClock "0:00:18"]

1. Nf3 Nf6 2. c4 g6 3. Nc3 Bg7 4. e4 O-O 5. d4 d6 6. h3 e5 7. dxe5 dxe5 8. Be3 Qe7 9. Be2 c6 10. O-O Na6 11. Qc2 Nh5 12. Rfd1 Nf4 13. a3 Nc5 14. b4 Nce6 15. c5 Ng5 16. Rd6 Be6 17. Rad1 Qf6 18. Nxg5 Qxg5 19. Bxf4 exf4 20. Kf1 Be5 21. R6d3 a5 22. b5 a4 23. bxc6 Bb3 24. Qd2 bxc6 25. Rc1 Rfd8 26. Nd5 cxd5 27. exd5 Rac8 28. Bg4 f5 29. Bf3 Qf6 30. d6 Kg7 31. d7 Rc7 32. c6 Bb2 33. Re1 Bc4 34. Re8 Rdxd7 35. cxd7 Rxd7 36. Be2 Bxd3 37. Bxd3 Bxa3 38. Qc2 Bb4 39. Bb5 Qa1+ 40. Ke2 Qe1+ 41. Kf3 Qxe8 42. Qb2+ Kh6 43. Qxb4 Qe4+ 44. Qxe4 fxe4+ 45. Kxe4 Ra7 46. Bc4 a3 47. Ba2 Rb7 48. Kd3 Rb2 49. Bc4 Rxf2 50. Ke4 g5 51. h4 gxh4 0-1


[Site "https://www.chess.com"]

[Event "Titled Tuesday Blitz November 15 Late 2022"]
[White "Milikow, Yoav"]
[Black "Remolar Gallen, Jose"]
[WhiteFideId "2822237"]
[BlackFideId "2215187"]
[WhiteElo "2341"]
[BlackElo "2252"]
[Result "1-0"]
[Round "01"]
[TimeControl "180+1"]
[Date "2022.11.16"]
[WhiteClock "0:00:17"]
[BlackClock "0:00:01"]

1. Nf3 Nf6 2. c4 g6 3. d4 Bg7 4. g3 O-O 5. Bg2 d6 6. O-O Ne4 7. Qc2 Bf5 8. Nh4 Nxg3 9. e4 Nxf1 10. exf5 e6 11. Nf3 Nxh2 12. Nxh2 gxf5 13. Bxb7 Nd7 14. Bxa8 Qxa8 15. Be3 Kh8 16. f3 Rg8 17. Kf2 Bf6 18. Nc3 Bh4+ 19. Kf1 Bg3 20. d5 Ne5 21. Bd4 c5 22. Bxe5+ Bxe5 23. Re1 Qf8 24. Rxe5 dxe5 25. Qe2 Qg7 26. Ke1 Qg1+ 27. Nf1 e4 28. fxe4 Rg2 29. Qe3 Qh1 30. Qxc5 Qh4+ 31. Kd1 Qg4+ 32. Kc1 Qf4+ 33. Ne3 Rg8 34. exf5 exf5 35. d6 Qe4 36. Nxe4 1-0


[Site "https://www.chess.com"]

[Event "Titled Tuesday Blitz November 15 Late 2022"]
[White "Milosevic, Milos"]
[Black "Har-Zvi, Ronen"]
[WhiteFideId "964875"]
[BlackFideId "2801485"]
[WhiteElo "2321"]
[BlackElo "2523"]
[Result "0-1"]
[Round "01"]
[TimeControl "180+1"]
[Date "2022.11.16"]
[WhiteClock "0:00:18"]
[BlackClock "0:01:02"]

1. e4 c6 2. d4 d5 3. e5 c5 4. Nf3 Nc6 5. dxc5 Bg4 6. c3 e6 7. b4 Nge7 8. Bb5 Ng6 9. Qa4 Qc7 10. Nd4 Ne7 11. f4 g6 12. O-O Bg7 13. h3 Bf5 14. g4 Bxb1 15. Rxb1 O-O 16. Bd3 a6 17. Kg2 b6 18. Nxc6 Nxc6 19. cxb6 Qxb6 20. Re1 Rfc8 21. Be3 Qb7 22. Kg3 Nxe5 23. fxe5 Rxc3 24. Rbd1 Bxe5+ 25. Kf2 Qe7 26. Kg2 Rac8 27. Bc5 Qf6 28. Rf1 Qh4 29. Bf2 Qg5 30. Bxa6 Qf4 31. Rh1 Qf3+ 32. Kg1 Rc2 33. Rf1 Rxf2 34. Rxf2 Rc1+ 35. Bf1 Qg3+ 36. Rg2 Bd4# 0-1


[Site "https://www.chess.com"]

[Event "Titled Tuesday Blitz November 15 Late 2022"]
[White "Mirzoev, Azer"]
[Black "Silvestre, Christian"]
[WhiteFideId "13400304"]
[BlackFideId "30956269"]
[WhiteElo "2525"]
[BlackElo "2330"]
[Result "1-0"]
[Round "01"]
[TimeControl "180+1"]
[Date "2022.11.16"]
[WhiteClock "0:01:10"]
[BlackClock "0:00:01"]

1. c4 c5 2. Nc3 Nc6 3. g3 g6 4. Bg2 Bg7 5. a3 Nf6 6. Rb1 O-O 7. b4 cxb4 8. axb4 a6 9. Nh3 d6 10. O-O Qc7 11. Nf4 e6 12. b5 Ne5 13. d3 Rd8 14. bxa6 Rxa6 15. Nb5 Qe7 16. Qb3 g5 17. Nh3 h6 18. f4 gxf4 19. Nxf4 Ng6 20. Kh1 e5 21. Nd5 Nxd5 22. Bxd5 Be6 23. Nc3 Rd7 24. Be3 h5 25. Bxb7 Ra5 26. Bd5 Rxd5 27. Nxd5 Bxd5+ 28. cxd5 h4 29. g4 e4 30. d4 h3 31. Qc2 Rc7 32. Rb8+ Kh7 33. Qb1 Nh4 34. Rb3 Ng2 35. Bg1 Qh4 36. Qxe4+ Kg8 37. Qf3 Qe7 38. Rb8+ Kh7 39. Qxh3+ Nh4 40. Qd3+ Ng6 41. e4 Qh4 42. Rb3 1-0


[Site "https://www.chess.com"]

[Event "Titled Tuesday Blitz November 15 Late 2022"]
[White "Miszler, Levente"]
[Black "Svane, Frederik"]
[WhiteFideId "763276"]
[BlackFideId "12923044"]
[WhiteElo "2176"]
[BlackElo "2466"]
[Result "0-1"]
[Round "01"]
[TimeControl "180+1"]
[Date "2022.11.16"]
[WhiteClock "0:01:14"]
[BlackClock "0:00:28"]

1. Nf3 c5 2. c4 g6 3. g3 Nc6 4. Bg2 Bg7 5. Nc3 d6 6. O-O Bf5 7. d3 Qd7 8. Rb1 Bh3 9. a3 h5 10. e4 Bxg2 11. Kxg2 e6 12. Bd2 Nge7 13. b4 b6 14. b5 Nd4 15. Nxd4 cxd4 16. Ne2 h4 17. a4 e5 18. Ng1 f5 19. f4 fxe4 20. dxe4 O-O-O 21. a5 hxg3 22. hxg3 exf4 23. Bxf4 Rh5 24. axb6 Rdh8 25. bxa7 Rh2+ 26. Kf3 Kb7 27. Qa4 Ka8 28. Qa6 g5 29. Bxg5 Rf8+ 30. Bf4 Ng6 31. e5 Nxe5+ 32. Ke4 d5+ 33. Kxd4 Nc6+ 34. Kc5 Bd4# 0-1


[Site "https://www.chess.com"]

[Event "Titled Tuesday Blitz November 15 Late 2022"]
[White "Moore, Alex"]
[Black "Guzman, Christopher"]
[WhiteFideId "30910692"]
[BlackFideId "6405096"]
[WhiteElo "2113"]
[BlackElo "2272"]
[Result "0-1"]
[Round "01"]
[TimeControl "180+1"]
[Date "2022.11.16"]
[WhiteClock "0:01:35"]
[BlackClock "0:02:36"]

1. d4 d5 2. c4 e6 3. Nc3 Nf6 4. cxd5 Nxd5 5. e4 Nxc3 6. bxc3 Be7 7. Nf3 c5 8. Bd3 O-O 9. O-O cxd4 10. cxd4 Nc6 11. Be3 b6 12. a3 Bb7 13. Rc1 Bxa3 14. Ra1 Bb2 15. Ra2 Bxd4 16. Bg5 Bf6 17. Bf4 Nb4 18. Rd2 Nxd3 19. Rxd3 Qc8 20. e5 Be7 21. Ng5 h6 0-1


[Site "https://www.chess.com"]